Zazza, neutral female human Tourist --------- ------- ----- +.......| #......| |....## |.......| #|.....| |...| # |......[| # ##......-# |.*.|###############.........# #|..<..|# ----- # -.-------# ###-------# ### # # ### # # ### # ### # # ### # # --------.----# ### # -------|----- ### |...........|### ###|...[....|..| # |...........|### #............| ##.............# ### |...........| ------------- # -.- `####............| ###|@. |...........| #-.d |...........| |.. ------------- Zazza the Rambler Experience level: 1 Strength: 13 Dexterity: 10 Constitution: 16 Intelligence: 11 Wisdom: 8 Charisma: 18 Health: 0(12) Energy: 2(2) Def: 0 Gold: 38 Moves: 1958 Dungeon seed: Bcm_0l565ZbUPuor Game ID: Zazza_1599676733 Your Inventory: Coins $ - 38 gold pieces Weapons a - 21 blessed +2 darts (in quiver) A - a +0 orcish dagger C - a +0 elven dagger (weapon in hand) Armor e - an uncursed +0 Hawaiian shirt (being worn) N - an uncursed +0 orcish helm Comestibles M - 2 uncursed slime molds Scrolls P - an uncursed scroll of confuse monster Spellbooks K - an uncursed spellbook of slow monster Potions G - a cursed potion of levitation O - an uncursed potion of see invisible Wands q - a wand of digging (0:7) r - a wand of opening (0:3) B - a wand of striking (0:5) J - a wand of nothing (0:2) Tools k - an uncursed lock pick l - an expensive camera (0:55) z - an uncursed sack Gems n - an uncursed worthless piece of violet glass y - an uncursed worthless piece of red glass I - an uncursed worthless piece of yellowish brown glass Contents of the sack: 656 gold pieces an uncursed apple an uncursed banana 2 uncursed eggs 2 uncursed food rations 4 uncursed tripe rations an uncursed scroll of enchant armor an uncursed scroll of identify an uncursed scroll of light 3 uncursed scrolls of magic mapping an uncursed scroll of teleportation an uncursed spellbook of detect monsters 3 uncursed potions of extra healing an uncursed potion of invisibility an uncursed potion of paralysis Spells and supernatural/magical abilities: Name Level Category Fail Memory n - detect monsters 1 divination 30% 92% W - pray for help -- divine ? -- Your skills at the end: Fighting Skills Weapon Skills dart [Basic] Spellcasting Skills Final Attributes: You were aligned. You are dead. Vanquished creatures: a little dog 2 acid blobs a hobbit 3 giant rats a brown mold a red mold 2 gnome zombies 2 geckos 3 jackals a kobold 3 goblins 4 sewer rats 5 grid bugs 3 lichens 4 newts 36 creatures vanquished. Voluntary challenges: You used a wielded weapon 1 time, starting on turn 1343. You read items or engraved 14 times, starting on turn 73. You never genocided any monsters. You never polymorphed an object. You never changed form. You used no wishes. You never split a pudding. You wrote Elbereth's name 9 times, starting on turn 107. You never violated your personal moral code. Dungeon overview: The Dungeons of Doom: levels 1 to 5 Level 1 a fountain a long staircase Level 2 Level 3 a general store, a fountain, a sink Level 4 a fountain, a sink a long staircase Level 5 <- You were here a fountain History has recorded: On T:1 you entered the Dungeons of Doom to retrieve the Amulet of Yendor! On T:370 you reached level 2 of The Dungeons of Doom. On T:747 you reached level 3 of The Dungeons of Doom. On T:1324 you reached level 4 of The Dungeons of Doom. On T:1722 you reached level 5 of The Dungeons of Doom. Score breakdown: Gold: 617 ( 9493 points) Experience: 1 level ( 0 points) Exploration: 5 levels ( 10.64%) ( 8846 points) Discoveries: 6 items ( 2.01%) ( 4256 points) Valuables value: (no points given unless you survive) Artifact value: 0 ( 0 points) Variety of kills: 15 monsters ( 3.94%) ( 5952 points) Turncount: 1958 turns ( 0 points) Survival: died (score multiplied by 80%) Total score: 22837 Latest messages: You see here an iron skull cap. N - an iron skull cap. $ - 25 gold pieces. P - a scroll labeled ELAM EBOW. $ - 13 gold pieces. There are a few objects here. A trap door in the ceiling opens and a rock falls on your head! You see here a plate mail. You stop. Armand is in the way! You displace Armand. You stop. Armand is in the way! You displace Armand. The door opens. The little dog bites! (2x) Never mind. You write in the dust with your fingers. The little dog bites! You die... Final status: Aloha Zazza the Tourist, killed by a little dog... You died in The Dungeons of Doom on dungeon level 5 with 22837 points, and 694 pieces of gold, after 1958 moves. You were level 1 with a maximum of 12 hit points when you died.